 Dungeon Crawl Stone Soup version 0.30-a0-1116-gebefce21f7 (webtiles) character file.

Game seed: 9004408747787286509

53433 Twinkles the Destroyer (level 13, -2/116 HPs)
             Began as a Demigod Conjurer on Apr 21, 2023.
             Slain by a skeletal warrior
             ... wielding a +0 flail
              (18 damage)
             ... on level 14 of the Dungeon.
             The game lasted 02:50:09 (36234 turns).

Twinkles the Destroyer (Demigod Conjurer)          Turns: 36234, Time: 02:50:09

Health: -2/116     AC: 28    Str: 16    XL:     13   Next: 98%
Magic:  3/29       EV: 24    Int: 32    God:
Gold:   1032       SH:  7    Dex: 12    Spells: 17/28 levels left

rFire   + . .      SeeInvis +    S - +7 morningstar "Xodoc" {venom, rF+ Will+ Str+4 SInv}
rCold   . . .      Faith    .    f - +2 buckler
rNeg    + . .      Spirit   .    n - +5 pearl dragon scales
rPois   .          Reflect  .    v - +2 helmet
rElec   .          Rampage  .    T - +0 cloak
rCorr   .                        (no gloves)
Will    +++..                    a - +0 pair of boots
Stlth   +                        p - amulet of the acrobat
HPRegen 0.39/turn                k - ring of willpower
MPRegen 0.21/turn                O - +4 ring of protection

@: acrobatic
A: high MP 1, forlorn, divine attributes
a: no special abilities


You were on level 14 of the Dungeon.
You visited 2 branches of the dungeon, and saw 20 of its levels.
You also visited: Ossuary and Bailey.

You collected 1486 gold pieces.
You spent 454 gold pieces at shops.

Inventory:

Hand Weapons
 l - a +3 dagger of freezing
 w - a +0 broad axe
 S - the +7 morningstar "Xodoc" (weapon) {venom, rF+ Will+ Str+4 SInv}
   (You found it on level 5 of the Lair of Beasts)

   Str:       It affects your strength (+4).
   rF:        It protects you from fire.
   SInv:      It lets you see invisible.
   Will:      It increases your willpower.
Missiles
 m - 2 throwing nets
 r - 22 poisoned darts
 s - 18 boomerangs (quivered)
 W - 9 curare-tipped darts
Armour
 a - a +0 pair of boots (worn)
 d - a +2 robe of cold resistance
 f - a +2 buckler (worn)
 g - the +1 robe of a ziggurat {rPois rN+ Str+2 Slay+2}
   (You found it on level 5 of the Dungeon)

   Str:       It affects your strength (+2).
   Slay:      It affects your accuracy & damage with ranged weapons and melee
   (+2).
   rPois:     It protects you from poison.
   rN:        It protects you from negative energy.
 n - +5 pearl dragon scales (worn)
 v - a +2 helmet (worn)
 T - a +0 cloak (worn)
Magical Staves
 b - a staff of poison
Jewellery
 c - an amulet of reflection
 k - a ring of willpower (left hand)
 p - an amulet of the acrobat (around neck)
 x - a ring of wizardry
 z - a ring of protection from cold
 O - a +4 ring of protection (right hand)
Wands
 e - a wand of charming (8)
 i - a wand of iceblast (21)
 j - a wand of polymorph (17)
 q - a wand of quicksilver (16)
Scrolls
 h - 4 scrolls of poison {unknown}
 o - a scroll of silence {unknown}
 u - a scroll of brand weapon {unknown}
 y - a scroll of enchant weapon {unknown}
 D - 4 scrolls of blinking
 E - 5 scrolls of fear
 F - 2 scrolls of fog
 I - 2 scrolls of amnesia {unknown}
 K - 7 scrolls of immolation
 V - 5 scrolls of vulnerability
 X - 3 scrolls of magic mapping
 Y - 6 scrolls of teleportation
 Z - 2 scrolls of summoning {unknown}
Potions
 t - a potion of berserk rage {unknown}
 A - 3 potions of attraction
 B - 6 potions of brilliance
 C - 2 potions of cancellation
 G - 2 potions of ambrosia
 H - 6 potions of haste
 J - 9 potions of curing
 L - 9 potions of flight
 M - 8 potions of might
 N - 2 potions of heal wounds
 P - 9 potions of lignification
 Q - 4 potions of magic
 R - a potion of resistance
 U - a potion of mutation


   Skills:
 + Level 11.6 Fighting
 + Level 5.1(6.8) Maces & Flails
 - Level 6.8(7.6) Staves
 - Level 7.0 Armour
 - Level 3.1 Dodging
 - Level 5.0 Stealth
 - Level 4.0 Shields
 + Level 8.1 Spellcasting
 + Level 12.1 Conjurations
 - Level 5.2 Hexes
 - Level 3.5 Translocations


You had 17 spell levels left.
You knew the following spells:

 Your Spells              Type           Power      Damage    Failure   Level
a - Magic Dart            Conj           100%       1d8       1%          1
b - Searing Ray           Conj           100%       2d8       1%          2
c - Fulminant Prism       Conj/Hex       31%        3d16      5%          4
d - Iskenderun's Mystic   Conj/Tloc      59%        2d12      8%          4

Your spell library contained the following spells:

 Spells                   Type           Power      Damage    Failure   Level
 Shock                    Conj/Air       100%       1d9       1%          1
 Dazzling Flash           Conj/Hex       100%       N/A       1%          3
 Tukima's Dance           Hex            46%        N/A       7%          3
 Ensorcelled Hibernation  Hex/Ice        58%        N/A       10%         2
 Portal Projectile        Hex/Tloc       82%        N/A       10%         3
 Flame Wave               Conj/Fire      51%        2d13      16%         4
 Necrotise                Necr           52%        1d6       19%         1
 Cigotuvi's Dreadful Rot  Necr/Pois/Air  26%        N/A       28%         2
 Passwall                 Tmut/Erth      10%        N/A       28%         2
 Scorch                   Fire           26%        2d6       28%         2
 Passage of Golubria      Tloc           36%        N/A       41%         4
 Call Canine Familiar     Summ           13%        N/A       50%         3
 Ignite Poison            Fire/Tmut/Pois 13%        N/A       50%         3
 Swiftness                Air            13%        N/A       50%         3
 Vampiric Draining        Necr           13%        2d6       50%         3
 Anguish                  Hex/Necr       14%        N/A       54%         4
 Leda's Liquefaction      Hex/Erth       14%        N/A       54%         4
 Freezing Cloud           Conj/Ice/Air   19%        6-21      69%         5
 Airstrike                Air            6%         2d(1-17)  88%         4
 Dispel Undead            Necr           13%        3d9       88%         4
 Yara's Violent Unravell  Hex/Tmut       14%        3d7       88%         5
 Agony                    Necr           13%        N/A       99%         5
 Blade Hands              Tmut           6%         N/A       99%         5
 Summon Cactus Giant      Summ           6%         N/A       100%        6
 Borgnjor's Revivificati  Necr           6%         N/A       100%        8
 Death's Door             Necr           6%         N/A       100%        9


Dungeon Overview and Level Annotations

Branches:
Dungeon (15/15) Zot: 25576  Temple (0/1) D:4            Lair (5/5) D:8 Zot: 19471
  Swamp (0/4) Lair:3       Spider (0/4) Lair:2        Slime (0/5) Lair:4
    Orc (0/2) D:12         Vaults (0/5) D:14        Ossuary (visited)
 Bailey (visited)
 Depths: D:15

Shops:
D:1 *   D:4 (=

Annotations:
D:2 exclusion: adder
D:3 exclusion: jelly, Sigmund
D:5 3 runed translucent doors, Fractals's ghost, weakling MiDe
D:6 3 exclusions
D:14 exclusion: 3 oklob plants
Lair:5 1 exclusion


Innate Abilities, Weirdness & Mutations

You have an increased reservoir of magic. (+10% MP)
You shall have no god before yourself.
Your divine heritage dramatically boosts your attributes as you level up.


Message History

The skeletal warrior hits you with a +0 flail.
Your fulminant prism crackles loudly.
You hit the skeletal warrior but do no damage.
The skeletal warrior is moderately damaged.
The skeletal warrior hits you with a +0 flail.
Your fulminant prism explodes!
The blast of energy engulfs the skeletal warrior.
The skeletal warrior is moderately damaged.
The blast of energy engulfs the skeletal warrior!
The skeletal warrior is moderately damaged.
Casting: Fulminant Prism (dangerous; 5% risk of failure)
Confirm with . or Enter, or press ? or * to list all spells.
Aiming: Fulminant Prism (dangerous; 5% risk of failure)
Press: ? - help, Dir - move target You conjure a prism of explosive energy!
A fulminant prism comes into view.
The skeletal warrior hits you with a +0 flail!
You puncture the skeletal warrior!
The skeletal warrior is heavily damaged.
The skeletal warrior hits you with a +0 flail!!
Your fulminant prism crackles loudly.
You hit the skeletal warrior.
The skeletal warrior is severely damaged.
The skeletal warrior hits you with a +0 flail!
Your fulminant prism explodes!
The blast of energy engulfs the skeletal warrior!
The skeletal warrior is heavily damaged.
The blast of energy engulfs the skeletal warrior.
The skeletal warrior is severely damaged.
Casting: Fulminant Prism (dangerous; 5% risk of failure)
Confirm with . or Enter, or press ? or * to list all spells.
You don't have enough magic to cast this spell.
The skeletal warrior attacks as you move away!
The skeletal warrior hits you with a +0 flail.
The skeletal warrior attacks as you move away!
The skeletal warrior hits you with a +0 flail!!
* * * LOW HITPOINT WARNING * * *
The skeletal warrior attacks as you move away!
The skeletal warrior hits you with a +0 flail!!
You die...

.####.####.#.........####.#.####
.....................'........>#
###...#..#.#.........#..########
###.###..#.#..[......#..#
#......<...#......####.##
#.##.#.#####......# ##.#
.....#............# #..#
....#################..#
<.......#....^..@z.##..#
.#......#.########.#...#####
...........#<.#......#.....#
.#.#.#..#..=..#.###z######.#
...#.#######....z...# #.#
...............>##### #.#
.#.#.#......##### #.#
............# ####.#
.#.###.[....# #....#


You could see a skeletal warrior.

Vanquished Creatures
  Harold (D:11)
  Erolcha (D:9)
  3 hydras
  2 boulder beetles
  2 two-headed ogres
  A vampire mage (D:15)
  A pharaoh ant (Lair:2)
  2 skeletal warriors (D:15)
  An orc knight (D:15)
  A wolf spider (Lair:5)
  12 cyclopes
  14 ugly things
  A salamander (shapeshifter) (D:14)
  A guardian serpent (Lair:5)
  9 black mambas
  A manticore (D:14)
  A torpor snail (Lair:3)
  A water nymph (shapeshifter) (D:13)
  7 cane toads
  2 unseen horrors
  2 rime drakes
  A kobold demonologist (D:13)
  4 komodo dragons
  3 tengu conjurers
  2 polar bears
  6 trolls
  A polar bear (shapeshifter) (D:13)
  2 tarantellas (Lair:2)
  10 blink frogs
  13 dream sheep
  3 hornets
  4 slime creatures (D:14)
  5 wraiths
  24 yaks
  9 basilisks
  13 wyverns
  7 redbacks
  3 steam dragons
  A warg (D:12)
  21 water moccasins
  3 acid dragons
  A floating eye (D:14)
  3 swamp drakes (Lair:5)
  A black bear (Lair:1)
  9 orc warriors
  An ogre (D:4)
  10 wolves
  5 centaurs (D:12)
  A kobold brigand (D:9)
  Blork the orc (D:4)
  2 elf zombies (Ossuary)
  8 bullfrogs
  8 scorpions
  2 necrophages
  A gnoll sergeant (D:4)
  10 wights
  12 killer bees
  4 howler monkeys
  3 jellies
  A human zombie (Ossuary)
  2 centaur zombies (Ossuary)
  10 orc priests
  2 hounds
  2 sleepcaps (D:6)
  Crazy Yiuf (D:3)
  Jessica (D:3)
  6 iguanas
  18 orc wizards
  2 hell rats (Lair:5)
  2 scorpion zombies (D:3)
  2 mummies (Ossuary)
  7 gnolls
  7 adders
  9 river rats (Lair:5)
  A shadow imp (D:6)
  A white imp (D:6)
  2 ufetubi (D:6)
  An adder zombie (Ossuary)
  2 worms (D:3)
  3 dart slugs
  37 orcs
  3 ball pythons
  7 endoplasms
  4 giant cockroaches
  18 goblins
  6 hobgoblins
  A quokka (D:5)
  9 bats
  3 frilled lizards
  5 goblin zombies
  8 hobgoblin zombies (Ossuary)
  18 kobolds
  9 kobold zombies (Ossuary)
  9 orc zombies (Ossuary)
  7 rats
  2 rat zombies
511 creatures vanquished.

Vanquished Creatures (others)
  An orc (D:6)
  A bush (Lair:3)
  84 fulminant prisms
  48 fungi
  81 plants
  26 withered plants
241 creatures vanquished.

Grand Total: 752 creatures vanquished

Notes
Turn   | Place    | Note
-------+----------+-------------------------------------------
     0 | D:1      | Twinkles the Demigod Conjurer began the quest for the Orb.
     0 | D:1      | Reached XP level 1. HP: 14/14 MP: 5/5
   183 | D:1      | Reached XP level 2. HP: 22/22 MP: 4/7
   327 | D:1      | Found Siuci's Assorted Antiques.
   849 | D:1      | Reached skill level 1 in Fighting
  1029 | D:2      | Learned a level 2 spell: Searing Ray
  1422 | D:2      | Reached XP level 3. HP: 26/28 MP: 8/8
  1866 | D:3      | HP: 8/28 [poisoned by a goblin]
  2154 | D:3      | Noticed Sigmund
  2433 | D:3      | Reached skill level 4 in Conjurations
  2536 | D:3      | Reached XP level 4. HP: 27/35 MP: 3/10
  2739 | D:3      | Reached skill level 1 in Armour
  2796 | D:3      | Found a runed translucent door.
  2797 | D:3      | Noticed Crazy Yiuf
  2844 | D:3      | Noticed Jessica
  2850 | D:3      | Killed Jessica
  2851 | D:3      | Reached XP level 5. HP: 35/41 MP: 7/11
  3498 | D:3      | HP: 9/41 [gnoll/+0 flail[a gnoll sergeant] (8)]
  3627 | D:4      | HP: 7/41 [gnoll sergeant/+0 trident (12)]
  3891 | D:4      | Found a sand-covered staircase.
  3900 | Ossuary  | Entered an ossuary
  4420 | Ossuary  | Reached XP level 6. HP: 25/50 MP: 3/13
  4783 | Ossuary  | Reached skill level 1 in Hexes
  5145 | D:4      | Noticed Blork the orc
  5450 | D:4      | Found Xizuck's Weapon Emporium.
  5468 | D:4      | Killed Blork the orc
  5469 | D:4      | Reached XP level 7. HP: 54/56 MP: 4/15
  5777 | D:4      | Reached skill level 5 in Conjurations
  5898 | D:4      | Found Titaekk's Jewellery Shoppe.
  6108 | D:4      | Got the Octavo of Creeping Ceraunoscopy
  6309 | D:4      | Found a staircase to the Ecumenical Temple.
  6690 | D:5      | Entered Level 5 of the Dungeon
  6691 | D:5      | Found a runed translucent gate.
  6693 | D:5      | Found a runed translucent gate.
  6694 | D:5      | Found a runed translucent gate.
  6857 | D:5      | HP: 16/57 [orc priest/divine providence (16)]
  6859 | D:5      | HP: 7/57 [orc priest/+2 short sword of venom (3)]
  6866 | D:5      | HP: 17/57 [poisoned by an orc priest]
  6871 | D:5      | HP: 13/57 [poisoned by an orc priest]
  7074 | D:5      | Noticed Fractals's ghost (weakling MiDe)
  7152 | D:1      | Bought a scroll labelled TAGGOKH WENOA for 31 gold pieces
  7152 | D:1      | Bought a brown potion for 27 gold pieces
  7152 | D:1      | Bought a scroll labelled FUYTTE DUOLINO for 31 gold pieces
  7152 | D:1      | Bought a scroll labelled VACSEI HEEPHAA for 31 gold pieces
  7152 | D:1      | Bought 2 fuming green potions for 55 gold pieces
  7313 | D:5      | Identified the +1 robe of a ziggurat {rPois rN+ Str+2
                  | Slay+2}
  7627 | D:5      | Reached XP level 8. HP: 66/66 MP: 12/17
  9305 | D:6      | Reached skill level 6 in Conjurations
  9476 | D:6      | HP: 19/67 [centaur/arrow (4)]
  9727 | D:6      | Got the Monograph on Grim Blows
  9812 | D:7      | Found a flagged portal.
  9854 | Bailey   | Entered a bailey
 10530 | Bailey   | Learned a level 4 spell: Fulminant Prism
 10580 | Bailey   | HP: 15/67 [orc warrior/+0 war axe (16)]
 10582 | Bailey   | HP: 5/67 [orc warrior/+0 war axe (10)]
 11014 | Bailey   | Reached XP level 9. HP: 32/73 MP: 15/20
 11522 | Bailey   | Reached skill level 5 in Spellcasting
 12044 | D:7      | Reached skill level 5 in Fighting
 12318 | D:7      | Reached skill level 5 in Armour
 13001 | D:7      | Reached skill level 7 in Conjurations
 13186 | D:8      | Found a staircase to the Lair.
 13520 | D:8      | Reached skill level 5 in Hexes
 14061 | D:9      | Noticed Erolcha
 14850 | D:1      | Bought a translucent quarterstaff for 279 gold pieces
 14850 | D:1      | Identified the +6 quarterstaff of the Writhing Dragonfly
                  | {freeze, Will+ Int+4} (You bought it in a shop on level 1
                  | of the Dungeon)
 14978 | D:3      | Killed Crazy Yiuf
 15808 | D:9      | Reached XP level 10. HP: 83/83 MP: 14/22
 16188 | Lair:1   | Entered Level 1 of the Lair of Beasts
 16198 | Lair:1   | Noticed a black mamba
 16201 | Lair:1   | Reached skill level 1 in Staves
 16210 | Lair:1   | Killed a black mamba
 16211 | Lair:1   | Reached skill level 8 in Conjurations
 16634 | Lair:1   | Noticed a black mamba
 16642 | Lair:1   | Killed a black mamba
 17541 | Lair:2   | Noticed a skyshark
 17802 | Lair:2   | Noticed a four-headed hydra
 17817 | Lair:2   | Killed a four-headed hydra
 18214 | Lair:2   | Reached skill level 9 in Conjurations
 18720 | Lair:2   | HP: 24/86 [blink frog (9)]
 18726 | Lair:2   | HP: 12/86 [blink frog (14)]
 19094 | Lair:2   | Reached XP level 11. HP: 93/93 MP: 19/24
 19246 | Lair:2   | Found a hole to the Spider Nest.
 19246 | Lair:2   | Noticed a pharaoh ant
 19257 | Lair:2   | Killed a pharaoh ant
 19258 | Lair:2   | Reached skill level 5 in Staves
 19543 | Lair:3   | Found a staircase to the Swamp.
 19545 | Lair:3   | Noticed a six-headed hydra
 19556 | Lair:3   | Killed a six-headed hydra
 20039 | Lair:2   | Reached skill level 10 in Conjurations
 22016 | Lair:4   | Found a staircase to the Slime Pits.
 22801 | Lair:5   | Entered Level 5 of the Lair of Beasts
 23038 | Lair:5   | Reached XP level 12. HP: 85/104 MP: 20/25
 23281 | Lair:5   | Reached skill level 11 in Conjurations
 23333 | Lair:5   | Reached skill level 10 in Fighting
 23347 | Lair:5   | HP: 31/106 [cane toad (8)]
 23367 | Lair:5   | HP: 31/106 [blink frog (4)]
 23679 | Lair:5   | Reached skill level 1 in Translocations
 23694 | Lair:5   | HP: 31/106 [poisoned by a hornet]
 23699 | Lair:5   | HP: 22/106 [poisoned by a hornet]
 23821 | Lair:5   | HP: 29/106 [redback (10)]
 23826 | Lair:5   | HP: 17/106 [poisoned by a redback]
 23831 | Lair:5   | HP: 13/106 [poisoned by a redback]
 24540 | Lair:5   | Reached skill level 5 in Stealth
 26016 | Lair:5   | Noticed a fire dragon
 26264 | Lair:5   | Identified the +7 morningstar "Xodoc" {venom, rF+ Will+
                  | Str+4 SInv}
 26795 | D:9      | Killed Erolcha
 27077 | D:10     | Entered Level 10 of the Dungeon
 27105 | D:10     | Learned a level 4 spell: Iskenderun's Mystic Blast
 27186 | D:10     | Reached skill level 1 in Maces & Flails
 27891 | D:10     | Reached skill level 1 in Shields
 28399 | D:11     | Reached XP level 13. HP: 114/114 MP: 20/27
 29082 | D:11     | Noticed Harold
 29128 | D:11     | Killed Harold
 29292 | D:11     | You fall into a shaft and drop 3 floors!
 31166 | D:12     | Found a staircase to the Orcish Mines.
 34669 | D:14     | Found a gate to the Vaults.
 34822 | D:15     | Entered Level 15 of the Dungeon
 35103 | D:15     | HP: 34/116 [orc warrior/+0 scimitar[an orc knight] (16)]
 35387 | D:15     | Reached skill level 12 in Conjurations
 35815 | D:15     | Reached skill level 5 in Maces & Flails
 36232 | D:14     | HP: 15/116 [skeletal warrior/+0 flail (22)]
 36234 | D:14     | Slain by a skeletal warrior

Illustrated notes

Levels and vault maps discovered:
D:1:      erik_arrival_blinker_ship, layout_basic, serial_shops,
          nicolae_shop_trees
D:2:      layout_loops_cross, basic_altar
D:3:      layout_loops_ring, lemuel_zombie_altar_yredelemnul, solitary_fountain,
          st_stairs_1, wad_orctagon, uniq_sigmund, uniq_jessica,
          uniq_crazy_yiuf_cottage
D:4:      layout_cave_pods, nicolae_vehumet_radiance,
          nicolae_qazlal_scattered_showers, minmay_temple_entry_enclosed_plants,
          serial_shops, shop, nicolae_stop_n_shop_2, enter_ossuary_4,
          nrook_campfire, uniq_blork_the_orc
D:5:      old_forge, layout_basic, kiku_gazebo_garden_becter,
          gammafunk_ghost_split
D:6:      layout_basic, mainiacjoe_overflow_surrounded_room, centaur_isle
D:7:      layout_cave_pools, enter_bailey_5, bh_walls_and_bars
D:8:      layout_rooms, elyvilon_altar_3, lair_entry_dummy,
          dreamdust_princess_bridge, chequers_serial_rivers_marsh
D:9:      layout_cave_pods, lemuel_coloured_pillars_altar,
          nicolae_overflow_hidden_temple, nzn_wu_jian_contemplation,
          uniq_erolcha
D:10:     layout_irregular_city
D:11:     layout_layer_cave, zin_academy, uniq_harold
D:12:     layout_basic, erik_orc_4
D:13:     layout_grid_maze, hangedman_decor_push
D:14:     layout_basic, david_vaults_2, disabler_island
D:15:     gammafunk_depths_entry_grave, layout_irregular_city
Lair:1:   layout_gridlike
Lair:2:   layout_roguey, nicolae_spider_entry_lesser_pyramids
Lair:3:   layout_cave_pods, swamp_mist_pool, roderic_carrion_pond
Lair:4:   layout_regular_city, slime_entry_1
Lair:5:   guppyfry_lair_end_dragon, layout_long_grid,
          hangedman_lair_tendril_chambers, kennysheep_rathole

Skill      XL: |  1  2  3  4  5  6  7  8  9 10 11 12 13 |
---------------+----------------------------------------+-----
Dodging        | 2 3 |  3.1
Spellcasting   | 2 3 4 5 6 8 |  8.1
Fighting       | 1 2 3 4 5 7 9 10 11 | 11.6
Conjurations   | 4 5 6 7 9 10 11 12 | 12.1
Armour         | 1 2 3 4 5 7 |  7.0
Hexes          | 1 2 4 5 |  5.2
Staves         | 4 6 |  6.8
Translocations | 3 |  3.5
Stealth        | 5 |  5.0
Maces & Flails | 1 5 |  5.1
Shields        | 1 4 |  4.0

Action                     |  1- 3 |  4- 6 |  7- 9 | 10-12 | 13-15 || total
---------------------------+-------+-------+-------+-------+-------++-------
  Melee: Dagger            |   147 |    98 |    45 |     3 |       ||   293
         Punch             |     2 |     1 |     1 |     2 |       ||     6
         Short sword       |       |       |   120 |       |       ||   120
         Quarterstaff      |       |       |    18 |    32 |       ||    50
         Staff             |       |       |       |   116 |       ||   116
         Morningstar       |       |       |       |    11 |    97 ||   108
  Throw: Boomerang         |       |       |    55 |    86 |    35 ||   176
         Dart              |       |       |       |     2 |     3 ||     5
   Cast: Magic Dart        |    29 |     1 |       |       |       ||    30
         Searing Ray       |     9 |    38 |   103 |   191 |   115 ||   456
         Fulminant Prism   |       |       |     3 |    45 |    36 ||    84
         Iskenderun's Myst |       |       |       |       |     8 ||     8
  Evoke: Wand              |       |       |       |     9 |     1 ||    10
    Use: Scroll            |       |       |    10 |    14 |     8 ||    32
         Potion            |       |       |     4 |     3 |       ||     7
   Stab: Sleeping          |     3 |     2 |       |       |       ||     5
         Confused          |       |       |       |     1 |       ||     1
 Armour: Robe              |    32 |    41 |       |       |       ||    73
         Pearl dragon scal |       |    12 |   184 |   252 |   144 ||   592
  Dodge: Dodged            |    94 |    96 |   172 |   486 |   228 ||  1076
  Block: Other             |       |       |    51 |       |       ||    51
         Reflection        |       |       |    13 |       |       ||    13
         Buckler           |       |       |       |     8 |   105 ||   113

Table legend: (Time is in decaauts)
 A = Elapsed time spent in this place.
 B = Non-inter-level travel time spent in this place.
 C = Inter-level travel time spent in this place.
 D = Time resting spent in this place.
 E = Time spent auto-exploring this place.
 F = Levels seen in this place.
 G = Mean time per level.
                   A        B        C        D        E       F      G
               +--------+--------+--------+--------+--------+-----+--------+
         Total |  36423 |  32993 |   3430 |   7455 |  17792 |  22 | 1655.6 |
       Dungeon |  22473 |  19725 |   2748 |   2958 |  12814 |  15 | 1498.2 |
          Lair |  10528 |   9846 |    682 |   3082 |   4671 |   5 | 2105.6 |
       Ossuary |   1222 |   1222 |      0 |    285 |    207 |   1 | 1222.0 |
        Bailey |   2198 |   2198 |      0 |   1129 |     99 |   1 | 2198.0 |
               +--------+--------+--------+--------+--------+-----+--------+

Top non-repeatable levels by time:
  Lair:5: 3176 daAuts
     D:3: 2259 daAuts
  Bailey: 2198 daAuts
  Lair:2: 2076 daAuts
  Lair:3: 1943 daAuts
    D:11: 1879 daAuts
    D:13: 1828 daAuts
     D:9: 1824 daAuts
     D:5: 1794 daAuts
  Lair:1: 1761 daAuts
    D:12: 1640 daAuts
     D:6: 1602 daAuts
  Lair:4: 1570 daAuts
     D:4: 1439 daAuts
    D:15: 1313 daAuts
